 Dungeon Crawl Stone Soup version 0.24-a0-446-g87df7205b4 (webtiles) character file.

Game seed: 17109888134392154772

289 Krouwed the Shooter (level 6, -9/47 HPs)
             Began as a Human Hunter on June 23, 2019.
             Killed from afar by an orc priest (11 damage)
             ... with an exploding inner flame
             ... hexed by the player character
             ... on level 3 of the Dungeon.
             The game lasted 00:10:34 (2508 turns).

Krouwed the Shooter (Human Hunter)                  Turns: 2508, Time: 00:10:36

Health: -9/47      AC:  8    Str: 15    XL:     6   Next: 58%
Magic:  6/6        EV: 10    Int: 16    God:
Gold:   95         SH:  0    Dex: 13    Spells: 5/5 levels left

rFire    . . .     SeeInvis .   b - +1 dagger (venom)
rCold    . . .     Gourm    .   (no shield)
rNeg     . . .     Faith    .   k - +0 scale mail
rPois    .         Spirit   .   (no helmet)
rElec    .         Reflect  .   (no cloak)
rCorr    .         Harm     .   q - +1 pair of gloves
MR       .....                  (no boots)
Stlth    +.........             (no amulet)
HPRegen  0.15/turn              (no ring)
MPRegen  0.10/turn              (no ring)

@: brilliant, flying
A: no striking features
a: no special abilities


You were on level 3 of the Dungeon.
You were not hungry.

You visited 1 branch of the dungeon, and saw 3 of its levels.

You collected 95 gold pieces.

Inventory:

Hand Weapons
 a - a +1 shortbow
 b - a +1 dagger of venom (weapon)
 u - a +2 hunting sling of velocity
Missiles
 d - 10 arrows
 n - 5 poisoned darts (quivered)
 z - 7 stones
Armour
 k - a +0 scale mail (worn)
 m - the +2 helmet of Peek-a-Boo {rPois rF+ Str-4}
   (You took it off Robin on level 2 of the Dungeon)

   It affects your strength (-4).
   It protects you from fire.
   It protects you from poison.
 q - a +1 pair of gloves (worn)
Jewellery
 s - an uncursed amulet of the acrobat
Wands
 w - a wand of polymorph (3)
Scrolls
 e - 2 scrolls of enchant armour {unknown}
 h - 3 scrolls of remove curse {unknown}
 i - 2 scrolls of identify {unknown}
 j - 3 scrolls of immolation
 o - a scroll of magic mapping {unknown}
 y - a scroll of fear {unknown}
Potions
 c - a potion of might {unknown}
 g - a potion of flight
 l - a potion of agility {unknown}
 p - a potion of curing
 r - a potion of brilliance
 t - a potion of magic {unknown}
 x - a potion of cancellation {unknown}
 A - a potion of ambrosia {unknown}
Comestibles
 f - 5 rations


   Skills:
 + Level 3.2 Fighting
 + Level 2.0 Short Blades
 + Level 4.7 Bows
 + Level 0.3 Armour
 + Level 3.2 Dodging
 * Level 3.4 Stealth


You had 5 spell levels left.
You didn't know any spells.
Your spell library was empty.

Dungeon Overview and Level Annotations

Branches:
Dungeon (3/15)

Altars:
Trog
Zin


Message History

It was a potion of curing.
You feel better.
The orc throws a boomerang.
The boomerang closely misses you.
The weapon returns to the orc!
The orc hits you with a +0 flail.
* * * LOW HITPOINT WARNING * * *
The orc priest barely misses you. The orc priest closely misses you.
Okay, then.
As you read the scroll labeled NUETU ULUNUKOOG, it crumbles to dust.
The creatures around you are filled with an inner flame!
It was a scroll of immolation.
The orc explodes!
The fiery explosion engulfs the orc!!
The orc explodes!
The fiery explosion engulfs the orc!!!
The orc explodes!
The fiery explosion engulfs the orc priest!
The orc priest explodes!
The fiery explosion engulfs the orc priest!!
The orc priest explodes!
The fiery explosion engulfs you!
You die...

####(..^.o##.o....
#(†o...##.#(.#...
#..)>.(...##....###
#.................#####
#.....................
###..>####§...........#
#....(.#§§§...........#
#......#§§§....(.....<#####
#......(§§@§......).......#
#####.###§§§...........##.#
#...§§§#.......[.....†.
#....##.##..........###.#
#..##.##.###.........# #..
# # .##.# #.........# ##.
..# ###....##.# . ###
.....##.# . .####.##.. .


There were no monsters in sight!

Vanquished Creatures
  A phantom (D:2)
  An orc priest (D:3)
  Jessica (D:2)
  Robin (D:2)
  3 adders (D:2)
  3 worms
  2 dart slugs
  3 leopard geckos
  An orc (D:3)
  3 giant cockroaches
  20 goblins
  10 hobgoblins
  6 jackals
  9 kobolds
  A quokka (D:3)
  2 ball pythons (D:1)
  6 bats
  5 frilled lizards
  6 rats
84 creatures vanquished.

Notes
Turn   | Place    | Note
-------+----------+-------------------------------------------
     0 | D:1      | Krouwed the Human Hunter began the quest for the Orb.
     0 | D:1      | Reached XP level 1. HP: 16/16 MP: 1/1
   127 | D:1      | Reached XP level 2. HP: 19/22 MP: 2/2
   235 | D:1      | Reached XP level 3. HP: 12/28 MP: 3/3
   967 | D:2      | Identified the +2 helmet of Peek-a-Boo {rPois rF+ Str-4}
   967 | D:2      | Noticed Robin
   989 | D:2      | Killed Robin
   991 | D:2      | Reached XP level 4. HP: 16/34 MP: 4/4
  1012 | D:2      | Reached skill level 1 in Short Blades
  1458 | D:2      | Found a bloodstained altar of Trog.
  1824 | D:2      | Reached XP level 5. HP: 40/40 MP: 5/5
  1916 | D:2      | Found a glowing silver altar of Zin.
  1916 | D:2      | Noticed Jessica
  1920 | D:2      | Killed Jessica
  2233 | D:3      | Noticed a phantom
  2252 | D:2      | Killed a phantom
  2252 | D:2      | Reached XP level 6. HP: 46/47 MP: 6/6
  2504 | D:3      | HP: 1/47 [orc priest/+0 trident (4)]
  2508 | D:3      | Killed from afar by an orc priest

Levels and vault maps discovered:
D:1:      dpeg_arrival_leaves_temple_mockup, layout_loops_ring
D:2:      layout_loops_ring, lemuel_crystal_altar, first_ration,
          trog_three_pillars_becter, uniq_jessica, uniq_robin
D:3:      layout_rooms

Skill      XL: |  1  2  3  4  5 |
---------------+----------------+-----
Short Blades   | 1 2 |  2.0
Stealth        | 2 3 |  3.4
Fighting       | 3 |  3.2
Dodging        | 3 |  3.2
Bows           | |  4.7
Armour         | |  0.3

Action                   |  1- 3 |  4- 6 || total
-------------------------+-------+-------++-------
Melee: Short sword       |    50 |    11 ||    61
       Dagger            |       |    79 ||    79
 Fire: Shortbow          |    49 |     6 ||    55
       Hunting sling     |       |    83 ||    83
Throw: Dart              |     5 |    17 ||    22
  Use: Potion            |       |     3 ||     3
       Scroll            |       |     1 ||     1
  Eat: Chunk             |       |     5 ||     5
Armor: Leather armour    |    17 |       ||    17
       Scale mail        |     6 |    50 ||    56
Dodge: Dodged            |    63 |    89 ||   152

Table legend:
 A = Non-vault XP
 B = Vault XP
 C = Vault XP percentage of total XP
 D = Non-vault monster count
 E = Vault monster count
 F = Vault count percentage of total count
                 A         B        C        D         E       F
            +---------+---------+-------+---------+---------+-------
      Total |     338 |      76 |  18.4 |      70 |      14 |  16.7
            +---------+---------+-------+---------+---------+-------
        D:1 |      42 |       0 |   0.0 |      23 |       0 |   0.0
        D:2 |     213 |      76 |  26.3 |      24 |      14 |  36.8
        D:3 |      83 |       0 |   0.0 |      23 |       0 |   0.0
            +---------+---------+-------+---------+---------+-------
